 Dungeon Sprint DCSS version 0.28.0-43-g3370ac3207 (webtiles) character file.

Game seed: 2289551458708440465

1012 boopmooplesden the Cleaver (level 8, -6/86 HPs)
             Began as a Minotaur Berserker on Mar 8, 2022.
             Was a Priest of Trog.
             Mangled by a boulder beetle (9 damage)
             ... in the Dungeon (Sprint II: "The Violet Keep of Menkaure").
             The game lasted 00:00:51 (379 turns).

boopmooplesden the Cleaver (Minotaur Berserker)      Turns: 379, Time: 00:00:51

Health: -6/86      AC:  2    Str: 24    XL:     8   Next: 1%
Magic:  6/6        EV: 13    Int:  2    God:    Trog [***...]
Gold:   729        SH:  0    Dex: 10    Spells: 7/7 levels left

rFire   . . .      SeeInvis .   a - +0 hand axe
rCold   . . .      Faith    .   (no shield)
rNeg    . . .      Spirit   .   b - +0 animal skin
rPois   .          Reflect  .   (helmet restricted)
rElec   .          Harm     .   (no cloak)
rCorr   .          Rampage  .   (no gloves)
Will    .....      NoTele   +   (no boots)
Stlth   +.........              (no amulet)
HPRegen 0.24/turn               (no ring)
MPRegen 0.10/turn               (no ring)

@: on berserk cooldown, unable to read
A: horns 2, retaliatory headbutt, dopey 1, low MP 1, inability to read while
threatened
a: Renounce Religion, Berserk, Trog's Hand


You were in the Dungeon.
You worshipped Trog.
Trog was most pleased with you.
You visited 1 branch You collected 729 gold pieces.

Inventory:

Hand Weapons
 a - a +0 hand axe (weapon)
Armour
 b - a +0 animal skin (worn)
Scrolls
 h - a scroll of blinking
Potions
 c - a potion of curing
 e - a potion of haste
 f - 2 potions of magic
 g - a potion of berserk rage


   Skills:
 + Level 13.2 Fighting
 + Level 13.9 Axes
 + Level 7.2 Armour
 + Level 6.4 Dodging


You had 7 spell levels left.
You didn't know any spells.
Your spell library was empty.

Dungeon Overview and Level Annotations

Branches:
Dungeon (1/1)

Altars:


Innate Abilities, Weirdness & Mutations

You have a pair of horns on your head.
You reflexively headbutt those who attack you in melee.
You are dopey. (Int -2)
Your magical capacity is low. (-10% MP)
You sometimes lose the ability to read scrolls when taking damage.


Message History

The boulder beetle leaps!
There is an open door here.
You see here a scorpion corpse.
You feel yourself speed up.
You see here a scorpion corpse.
There's a creature in the doorway!
The boulder beetle curls into a ball and begins rolling!
The boulder beetle leaps!
The boulder beetle hits you!
You feel threatened and lose the ability to read scrolls!
* * * LOW HITPOINT WARNING * * *
The boulder beetle stops rolling and uncurls.
The boulder beetle curls into a ball and begins rolling!
The boulder beetle closely misses you. You furiously retaliate!
You headbutt the boulder beetle, but do no damage.
You cannot read scrolls in your current state!
There are monsters nearby!
You barely miss the boulder beetle. You hit the boulder beetle.
The boulder beetle closely misses you.
The boulder beetle stops rolling and uncurls.
You hit the boulder beetle.
The boulder beetle is lightly wounded.
You barely miss the boulder beetle. The boulder beetle barely misses you.
The boulder beetle closely misses you. You furiously retaliate!
You headbutt the boulder beetle, but do no damage.
You hit the boulder beetle but do no damage.
The boulder beetle is lightly wounded.
You hit the boulder beetle but do no damage.
You hit the boulder beetle.
The boulder beetle is lightly wounded.
You hit the boulder beetle but do no damage.
The boulder beetle closely misses you. The boulder beetle misses you.
You feel much better. The boulder beetle bites you!!
* * * LOW HITPOINT WARNING * * *
The boulder beetle bites you!!
* * * LOW HITPOINT WARNING * * *
You barely miss the boulder beetle.
The boulder beetle is lightly wounded.
You hit the boulder beetle. The boulder beetle bites you!
You die...

## ####
#.##..# ##
#...####
#.###'###@#
#.##.##BB##
##†.<.'##.+
#.##.##°○##
#.# #'###.#
## .#° ###
.. B. ##$
.## ## ##


You could see 2 boulder beetles.

Vanquished Creatures
  2 wyverns (D)
  4 neqoxecs (D)
  4 scorpions (D)
10 creatures vanquished.

Vanquished Creatures (others)
  Menkaure (D)
1 creature vanquished.

Grand Total: 11 creatures vanquished

Notes
Turn   | Place    | Note
-------+----------+-------------------------------------------
     0 | D        | boopmooplesden the Minotaur Berserker began the quest for
                  | the Orb.
     0 | D        | Reached XP level 1. HP: 19/19 MP: 0/0
     1 | D        | Noticed a neqoxec
     1 | D        | Noticed a neqoxec
     1 | D        | Noticed a neqoxec
     1 | D        | Noticed a neqoxec
     3 | D        | Gained mutation: Your magical capacity is low. (-10% MP) [a
                  | neqoxec]
     6 | D        | Killed a neqoxec
     7 | D        | Reached XP level 2. HP: 26/35 MP: 0/0
     7 | D        | Reached XP level 3. HP: 31/40 MP: 1/1
     7 | D        | Reached XP level 4. HP: 37/48 MP: 2/2
    10 | D        | Killed a neqoxec
    11 | D        | Reached skill level 10 in Axes
    11 | D        | Reached skill level 5 in Armour
    11 | D        | Reached XP level 5. HP: 45/58 MP: 3/3
    12 | D        | Gained mutation: You sometimes lose the ability to read
                  | scrolls when taking damage. [a neqoxec]
    13 | D        | Killed a neqoxec
    13 | D        | Reached ** piety under Trog
    14 | D        | Reached skill level 10 in Fighting
    14 | D        | Reached skill level 5 in Dodging
    14 | D        | Reached XP level 6. HP: 52/67 MP: 4/4
    14 | D        | Gained mutation: You are dopey. (Int -2) [a neqoxec]
    15 | D        | Killed a neqoxec
    18 | D        | Killed Menkaure
   161 | D        | Reached XP level 7. HP: 75/75 MP: 5/5
   163 | D        | Reached *** piety under Trog
   334 | D        | Noticed a wyvern
   334 | D        | Noticed a wyvern
   337 | D        | Killed a wyvern
   341 | D        | Killed a wyvern
   342 | D        | Reached XP level 8. HP: 86/86 MP: 6/6
   363 | D        | Noticed a boulder beetle
   363 | D        | Noticed a boulder beetle
   378 | D        | HP: 3/86 [boulder beetle (20)]
   379 | D        | Mangled by a boulder beetle

Illustrated notes

Levels and vault maps discovered:
D:        the_violet_keep_of_menkaure [sprint2_stairs_cluster_1,
          sprint2_shoproom, sprint2_temple, sprint2_basic_supplies,
          sprint2_obstacle_3, sprint2_obstacle_5, sprint2_obstacle_2,
          sprint2_obstacle_6, sprint2_obstacle_1, sprint2_timed_cluster_1,
          sprint2_smallroom_cluster_1, sprint2_smallroom_final_cluster_1,
          sprint2_transparent_cluster_1, sprint2_second_timed_cluster_1,
          sprint2_sniper_area_1, sprint2_heavy_combat_area_1,
          sprint2_mutation_trap_area_1, sprint2_forest_area_1,
          sprint2_light_combat_area_1, sprint2_behind_water_1,
          sprint2_near_end_vault_1]

Skill      XL: |  1  2  3  4  5  6  7 |
---------------+----------------------+-----
Fighting       | 8 9 10 11 13 | 13.2
Axes           | 8 10 11 12 13 | 13.9
Armour         | 4 5 6 7 |  7.2
Dodging        | 3 4 5 6 |  6.4

Action                   |  1- 3 |  4- 6 |  7- 9 || total
-------------------------+-------+-------+-------++-------
Melee: Hand axe          |     4 |    10 |    23 ||    37
       Headbutt          |       |     1 |     5 ||     6
Invok: Berserk           |     1 |       |     1 ||     2
  Use: Potion            |       |       |     1 ||     1
Dodge: Dodged            |     1 |     2 |    16 ||    19
